Map: Echo LE (Void)

Players

Fyves

  • Race: Zerg Zerg

Bop - Winner!

  • Race: Zerg Zerg

VOD

Have the link to the VOD?

Description

Time

  • Played on: April 30, 2015, 11:30 p.m.
  • Length: 3:40
Show
View Real Time Build Order
Export as new Build Order

Fyves Zerg 

Build Orders: Pool First 

Get SALT Encoding   

  12  0:02  Drone  
  13  0:13  Drone  
  14  0:19  Overlord  
  14  0:40  Spawning Pool  
  14  0:41  Drone x2  
  15  0:45  Drone  
  16  1:09  Hatchery  
  15  1:15  Drone x2  
  17  1:22  Extractor  
  17  1:23  Overlord  
  16  1:34  Queen  
  18  1:49  Zergling x4  
  18  1:50  Zergling x2  
  21  2:15  Queen  
  23  2:16  Drone x2  
  25  2:24  Drone x2  
  27  2:38  Drone  
  28  2:49  Drone  
  28  2:50  Drone  
  30  2:54  Hatchery  
  30  2:58  Drone x2  
  31  3:20  Drone x5  
  31  3:21  Overlord  
  35  3:35  Spine Crawler  
Show
View Real Time Build Order
Export as new Build Order

Bop Zerg - Winner!

Build Orders: Hatch First 

Get SALT Encoding   

  12  0:01  Drone  
  13  0:12  Drone  
  14  0:19  Drone, Extractor  
  14  0:23  Drone, Extractor  
  16  0:43  Hatchery  
  15  0:57  Spawning Pool  
  15  1:02  Drone, Extractor  
  14  1:07  Drone, Extractor  
  15  1:14  Overlord  
  15  1:39  Drone x3  
  18  1:44  Queen  
  20  1:50  Zergling x2  
  21  1:56  Queen  
  23  2:02  Metabolic Boost  
  23  2:08  Drone  
  24  2:13  Drone x2  
  26  2:21  Overlord  
  26  2:28  Baneling Nest  
  25  2:30  Drone  
  25  2:35  Drone  
  27  2:37  Drone  
  27  2:42  Zergling x4  
  30  2:55  Zergling x8  
  34  3:00  Overlord  
  33  3:15  Zergling x6  
  33  3:19  Zergling x10  
Tags
 
Add a new tag
Caveats
  • Supply blocks, unpowered buildings, or Contaminate may cause inaccurate times.
  • Supply counts are checked every 10 seconds.